 Dungeon Crawl Stone Soup version 0.30.1-11-g7821555f0a (webtiles) character file.

Game seed: 15747137244260684575

394841 Zonian the Malleable (level 21, -10/150 HPs)
             Began as a Felid Summoner on Dec 24, 2023.
             Was an Initiate of Gozag.
             Killed from afar by a yellow draconian (26 damage)
             ... with a glob of acid
             ... on level 2 of the Realm of Zot on Dec 29, 2023.
             The game lasted 12:30:54 (148448 turns).

Zonian the Malleable (Felid Summoner)             Turns: 148448, Time: 12:30:56

Health: -10/150    AC: 16    Str: 18    XL:     21   Next: 83%
Magic:  9/44       EV: 18    Int: 33    God:    Gozag
Gold:   4632       SH:  0    Dex: 17    Spells: 0/56 levels left
                                        Lives:  0   Deaths: 7

rFire   + +          .
                       - Unarmed
rCold   x . .        (shield unavailable)
rNeg    + + .        (body armour unavailable)
rPois   +            (helmet unavailable)
rElec   .            (cloak unavailable)
rCorr   .            (gloves unavailable)
SInv    +            (boots unavailable)
Will    ++++.        d - amulet "Zarost" {RegenMP rN++ Int+2}
Stlth   ++++         N - ring of the Tortoise {AC+8}
HPRegen 0.45/turn    Z - ring "Luelatao" {rPois Will+ Int+6}
MPRegen 0.69/turn

%: no passive effects
@: dragon-form, corroded, flying
A: dragon claw, dragon scales, breathe fire, flying, boosted hp, giant, (claws
1), (fangs 3), see invisible, (speed 1), (shaggy fur 3), (stealthy paws), no
weapons or thrown items, no armour, multi-lived, (iridescent scales 1), (cold
resistance 1), passive freeze, screaming 1, strong 1, subdued magic 1
}: 3/15 runes: barnacled, silver, gossamer
a: Breathe Fire, End Transformation, Renounce Religion, Potion Petition, Call
Merchant, Bribe Branch


You were on level 2 of the Realm of Zot.
You worshipped Gozag.
Gozag was most pleased with you.
You were a fearsome dragon!
You visited 11 branches of the dungeon, and saw 48 of its levels.

You collected 31767 gold pieces.
You spent 7422 gold pieces at shops.
You paid 19713 gold pieces to Gozag.

Inventory:

Jewellery
 a - the ring of Sakurch {Will+++ Int+4 Dex+6 Slay-3 Stlth-}
   (You took it off a deep elf high priest on level 3 of the Elven Halls)

   [ring of dexterity]

   Int:       It affects your intelligence (+4).
   Dex:       It affects your dexterity (+6).
   Slay:      It affects your accuracy & damage with ranged weapons and melee
   (-3).
   Will:      It greatly increases your willpower.
   Stlth:     It makes you less stealthy.
 c - the amulet of Karheug {Faith rC+ Regen+ rCorr}
   (You acquired it on level 2 of the Dungeon)

   [amulet of faith]

   It allows you to gain divine favour quickly.
   rC:        It protects you from cold.
   Regen:     It increases your rate of health regeneration.
   rCorr:     It protects you from acid and corrosion.
 d - the amulet "Zarost" (around neck) {RegenMP rN++ Int+2}
   (You bought it in a shop on level 1 of the Vaults)

   [amulet of magic regeneration]

   It increases your rate of magic regeneration.
   Int:       It affects your intelligence (+2).
   rN:        It greatly protects you from negative energy.
 f - the ring of Zaxej {Drain rElec rF+ rN+ SInv}
   (You found it on level 3 of the Crypt)

   [ring of positive energy]

   rF:        It protects you from fire.
   rElec:     It insulates you from electricity.
   rN:        It protects you from negative energy.
   SInv:      It lets you see invisible.
   Drain:     It drains your maximum health when unequipped.
 m - a ring of protection from fire
 r - a ring of protection from cold
 A - the ring "Woop" {Fire Will+}
   (You found it on level 3 of the Depths)

   [ring of fire]

   It enhances your fire magic.
   rF:        It protects you from fire.
   rC:        It makes you vulnerable to cold.
   Will:      It increases your willpower.
 M - the ring of Qeashe {rPois rF+ Int+3 Dex+4 Slay-6}
   (You bought it in a shop on level 15 of the Dungeon)

   [ring of protection from fire]

   Int:       It affects your intelligence (+3).
   Dex:       It affects your dexterity (+4).
   Slay:      It affects your accuracy & damage with ranged weapons and melee
   (-6).
   rF:        It protects you from fire.
   rPois:     It protects you from poison.
 N - the ring of the Tortoise (left foreclaw) {AC+8}
   (You bought it in a shop on level 15 of the Dungeon)

   [ring of protection]

   AC:        It affects your AC (+8).
 U - the ring "Nunlecou" {Ice Will++ Str+2 SInv}
   (You took it off Josephina on level 3 of the Depths)

   [ring of ice]

   It enhances your ice magic.
   Str:       It affects your strength (+2).
   rF:        It makes you vulnerable to fire.
   rC:        It protects you from cold.
   SInv:      It lets you see invisible.
   Will:      It greatly increases your willpower.
 V - the ring "Zytojaq" {*Slow rC+ rN+ MP+9 SInv}
   (You found it on level 3 of the Crypt)

   [ring of positive energy]

   rC:        It protects you from cold.
   rN:        It protects you from negative energy.
   MP:        It affects your magic capacity (+9).
   SInv:      It lets you see invisible.
   *Slow:     It may slow you when you take damage.
 X - the ring of Janu Jer {EV+5 Dex+6 Slay+4 Stlth-}
   (You took it off a tengu reaver on level 3 of the Depths)

   [ring of evasion]

   EV:        It affects your evasion (+5).
   Dex:       It affects your dexterity (+6).
   Slay:      It affects your accuracy & damage with ranged weapons and melee
   (+4).
   Stlth:     It makes you less stealthy.
 Z - the ring "Luelatao" (right foreclaw) {rPois Will+ Int+6}
   (You found it on level 3 of the Depths)

   [ring of intelligence]

   Int:       It affects your intelligence (+6).
   rPois:     It protects you from poison.
   Will:      It increases your willpower.
Wands
 l - a wand of roots (7)
 v - a wand of charming (22)
 y - a wand of mindburst (24)
 C - a wand of polymorph (18)
 H - a wand of acid (14)
 L - a wand of digging (39)
 T - a wand of flame (36)
Scrolls
 k - 5 scrolls of teleportation
 o - 8 scrolls of magic mapping
 p - 2 scrolls of fog
 D - 2 scrolls of blinking
 E - 5 scrolls of silence
 G - 6 scrolls of poison
 K - 5 scrolls of immolation
 P - 2 scrolls of fear
 Q - a scroll of butterflies
Potions
 b - 16 potions of curing
 e - 5 potions of haste
 g - 17 potions of mutation
 i - 6 potions of flight
 j - 7 potions of cancellation
 n - 15 potions of attraction
 q - 9 potions of lignification
 s - 14 potions of ambrosia
 u - 3 potions of berserk rage
 w - 3 potions of resistance
 x - 2 potions of magic
 z - 8 potions of might
 B - 10 potions of brilliance
 I - 7 potions of invisibility
Miscellaneous
 F - a tin of tremorstones (2/2)
 J - a box of beasts
 O - a lightning rod (3/4)


   Skills:
 - Level 15.0 Fighting
 - Level 19.0 Dodging
 - Level 8.4 Stealth
 - Level 10.0 Unarmed Combat
 - Level 18.4 Spellcasting
 - Level 4.0 Conjurations
 - Level 15.0 Hexes
 - Level 21.1 Summonings
 - Level 7.2 Necromancy
 - Level 16.0 Translocations
 + Level 23.4 Transmutations
 - Level 10.0 Air Magic
 - Level 6.0 Evocations


You couldn't memorise any spells.
You knew the following spells:

 Your Spells              Type           Power      Damage    Failure   Level
a - Iskenderun's Mystic   Conj/Tloc      65%        2d13      1%          4
b - Summon Hydra          Summ           46%        N/A       1%          7
c - Malign Gateway        Summ/Tloc      43%        N/A       1%          7
d - Summon Guardian Gole  Hex/Summ       86%        N/A       0%          3
e - Summon Lightning Spi  Summ/Air       80%        N/A       0%          4
f - Summon Mana Viper     Hex/Summ       86%        N/A       0%          5
g - Anguish               Hex/Necr       34%        N/A       1%          4
h - Summon Forest         Summ/Tloc      43%        N/A       0%          5
i - Swiftness             Air            65%        N/A       1%          3
j - Summon Cactus Giant   Summ           46%        N/A       0%          6
k - Blink                 Tloc           100%       N/A       0%          2
l - Dragon Form           Tmut           48%        N/A       1%          7

Your spell library contained the following spells:

 Spells                   Type           Power      Damage    Failure   Level
 Apportation              Tloc           100%       N/A       0%          1
 Beastly Appendage        Tmut           100%       N/A       0%          1
 Summon Small Mammal      Summ           100%       N/A       0%          1
 Call Imp                 Summ           100%       N/A       0%          2
 Lesser Beckoning         Tloc           100%       N/A       0%          2
 Momentum Strike          Conj/Tloc      100%       3d10      0%          2
 Wereblood                Tmut           97%        N/A       0%          2
 Call Canine Familiar     Summ           92%        N/A       0%          3
 Spider Form              Tmut/Pois      70%        N/A       0%          3
 Tukima's Dance           Hex            79%        N/A       0%          3
 Cause Fear               Hex            39%        N/A       0%          4
 Manifold Assault         Tloc           81%        N/A       0%          4
 Passage of Golubria      Tloc           81%        N/A       0%          4
 Yara's Violent Unravell  Hex/Tmut       44%        3d17      0%          5
 Foxfire                  Conj/Fire      100%       2x1d9     1%          1
 Magic Dart               Conj           100%       1d8       1%          1
 Necrotise                Necr           100%       1d9       1%          1
 Sandblast                Erth           46%        2d11      1%          1
 Shock                    Conj/Air       100%       1d9       1%          1
 Cigotuvi's Dreadful Rot  Necr/Pois/Air  100%       N/A       1%          2
 Ensorcelled Hibernation  Hex/Ice        100%       N/A       1%          2
 Scorch                   Fire           46%        2d7       1%          2
 Sublimation of Blood     Necr           57%        N/A       1%          2
 Dazzling Flash           Conj/Hex       100%       N/A       1%          3
 Ignite Poison            Fire/Tmut/Pois 58%        N/A       1%          3
 Inner Flame              Hex/Fire       57%        N/A       1%          3
 Mephitic Cloud           Conj/Pois/Air  47%        N/A       1%          3
 Stone Arrow              Conj/Erth      66%        3d11      1%          3
 Vampiric Draining        Necr           57%        2d10      1%          3
 Volatile Blastmotes      Fire/Tloc      100%       2d18      1%          3
 Airstrike                Air            32%        2d(5-21)  1%          4
 Dispel Undead            Necr           57%        3d20      1%          4
 Leda's Liquefaction      Hex/Erth       28%        N/A       1%          4
 Petrify                  Tmut/Erth      70%        N/A       1%          4
 Agony                    Necr           57%        N/A       1%          5
 Alistair's Intoxication  Tmut/Pois      46%        N/A       1%          5
 Irradiate                Conj/Tmut      37%        3d24      1%          5
 Metabolic Englaciation   Hex/Ice        28%        N/A       1%          5
 Silence                  Hex/Air        36%        N/A       1%          5
 Dispersal                Tloc           40%        N/A       1%          6
 Eringya's Noxious Bog    Tmut/Pois      35%        N/A       1%          6
 Statue Form              Tmut/Erth      46%        N/A       1%          6
 Enfeeble                 Hex            39%        N/A       1%          7
 Monstrous Menagerie      Summ           46%        N/A       1%          7
 Summon Horrible Things   Summ           46%        N/A       1%          8
 Ozocubu's Armour         Ice            23%        N/A       2%          3
 Freezing Cloud           Conj/Ice/Air   23%        6-21      3%          5
 Sticky Flame             Conj/Fire      33%        2d5       4%          4
 Iskenderun's Battlesphe  Conj           43%        2d9       4%          5
 Spellforged Servitor     Conj/Summ      36%        N/A       4%          7
 Death Channel            Necr           28%        N/A       8%          6
 Conjure Ball Lightning   Conj/Air       28%        3x3d8     9%          6
 Disjunction              Tloc           40%        N/A       9%          8
 Fireball                 Conj/Fire      16%        3d8       12%         5
 Dragon's Call            Summ           46%        N/A       17%         9
 Plasma Beam              Fire/Air       24%        2x1d39    21%         6
 Lee's Rapid Deconstruct  Erth           11%        3d8*      28%         5
 Iron Shot                Conj/Erth      16%        9d4       58%         6
 Starburst                Conj/Fire      16%        6d6       58%         6
 Orb of Destruction       Conj           21%        9d8       87%         7
 Ozocubu's Refrigeration  Ice            11%        4d10      100%        7
 Ignition                 Fire           11%        3d5       100%        8
 Lehudib's Crystal Spear  Conj/Erth      16%        10d5      100%        8
 Chain Lightning          Conj/Air       28%        3d37      100%        9
 Animate Armour           Summ/Erth      Unusable   N/A       N/A         4

Dungeon Overview and Level Annotations

Branches:
Dungeon (15/15)            Temple (1/1) D:5            Lair (5/5) D:9
 Shoals (4/4) Lair:3       Spider (4/4) Lair:3        Slime (0/5) Lair:5
    Orc (2/2) D:11            Elf (3/3) Orc:2        Vaults (5/5) D:14
  Crypt (3/3) Vaults:3       Tomb (0/3) Crypt:3      Depths (4/4) D:15
    Zot (2/5) Depths:4

Altars:
Ashenzari
Cheibriados
Dithmenos
Elyvilon
Fedhas
Gozag
Hepliaklqana
Kikubaaqudgha
Makhleb
Nemelex Xobeh
Okawaru
Qazlal
Ru
Sif Muna
Trog
Uskayaw
Vehumet
Wu Jian
Xom
Yredelemnul
Zin
The Shining One
Jiyva

Shops:
D:5 ?   D:10 [   D:15 =   Orc:1 [*   Orc:2 :(*[   Elf:2 **=*   Elf:3 !
Lair:4 ?   Shoals:3 *(!   Vaults:1 *   Vaults:3 ?

Portals:
Hell: Depths:1 Depths:2 Depths:3 Depths:4
Abyss: Depths:3 Depths:4
Pandemonium: Depths:1 Depths:2
Ziggurat: Depths:2
Trove: Vaults:4 (show slimy rune of Zot)

Annotations:
D:15 Roxanne
Lair:2 exclusion: door
Shoals:1 2 transporters, fearitself's ghost, adept MiBe
Elf:1 6 runed translucent doors
Elf:2 3 runed translucent doors
Vaults:2 3 runed translucent doors, Droegar's ghost, adept MiBe; Nornya's ghost, veteran MfSu; Synox's ghost, legendary FoFi; Unui's ghost, adept MiFi
Zot:2 Fucvoucaso's ghost, legendary DDFi


Innate Abilities, Weirdness & Mutations

You are a fearsome dragon!
You have a powerful clawing attack.
Your giant scaled body is strong and resiliant, but less evasive.
You can breathe fire.
You are flying.
Your maximum health is greatly increased.
((You have sharp claws.))
((You have razor-sharp teeth.))
You have supernaturally acute eyesight. (SInv)
((You cover ground quickly. (Speed+)))
((Your thick and shaggy fur keeps you warm. (AC +3, rC+)))
((Your paws help you pounce on unaware monsters.))
You are incapable of wielding weapons or throwing items.
You cannot wear armour.
You gain extra lives every three experience levels.
((You are partially covered in iridescent scales. (AC +2)))
((Your flesh is cold resistant. (rC+)))
A frigid envelope surrounds you and freezes all who hurt you.
You occasionally shout uncontrollably at your foes.
Your muscles are strong. (Str +4, Int/Dex -1)
Your spells are a little easier to cast, but a little less powerful.


Message History

The tentacled monstrosity tentacle-slaps your guardian golem!
Your guardian golem disappears in a puff of smoke!
Your guardian golem explodes!
The fiery explosion engulfs the tentacled monstrosity!
The tentacled monstrosity resists.
The fiery explosion engulfs your four-headed hydra!!
Your four-headed hydra is engulfed in blazing flames.
You hear a roar! x2
Unknown command.
Casting: Summon Guardian Golem (safe; 0% risk of failure)
Confirm with . or Enter, or press ? or * to list all spells.
You turn into a fearsome dragon!
You hear a roar! x2
Your four-headed hydra disappears in a puff of smoke!
The tentacled monstrosity is engulfed in blazing flames.
A red draconian comes into view. It is wielding a +0 hand axe.
Casting: Dragon Form (safe; 1% risk of failure)
Confirm with . or Enter, or press ? or * to list all spells.
You blink.
A yellow draconian, a green draconian monk, 2 black draconian knights and 2 purple draconians come into view.
The purple draconian completely misses you.
The yellow draconian annihilator casts a spell.
The yellow draconian annihilator blinks!
Unknown command.
Okay, then.
Casting: Blink (safe; 0% risk of failure)
Confirm with . or Enter, or press ? or * to list all spells.
You blink.
A tentacled monstrosity comes into view.
The black draconian knight breathes lightning at you.
The bolt of lightning hits you!
* * * LOW HITPOINT WARNING * * *
The bolt of lightning misses you.
The green draconian monk breathes poison at you.
The blast of poison engulfs you. You resist.
* * * LOW HITPOINT WARNING * * *
The yellow draconian spits acid at you. The glob of acid hits you!!
You die...
Your body crumbles into a pile of gold.

......# #.. ......#
... ......' .q##
......## #d. #+#####
#§# #.##########.#
...§X§§.§...d#
#.##########§######
#.#♣##......d.§☼D☼#
#))..'......q.§§§§#
..#♣♣#......^..☼§.# #
#)# #..........§.##.#
#.#♣##..........q.'...
#.#♣.'......qd....##..
.....#......X.....# #
#.##.#.......$....#
#.#♣.♣♣....\......#


You could see a tentacled monstrosity, a green draconian monk (catching breath),
a black draconian knight (invisible), a yellow draconian (catching breath), a
purple draconian and a yellow draconian annihilator.

Vanquished Creatures
  Boris (Crypt:2)
  Josephina (Depths:3)
  A caustic shrike (Depths:3)
  3 golden dragons
  2 bone dragons (Crypt:3)
  6 tentacled monstrosities
  5 liches
  A walking earthen tome (Depths:2)
  2 quicksilver dragons (Zot:2)
  4 death cobs
  Frances (Spider:1)
  4 ancient champions
  A sphinx (Depths:3)
  2 tengu reavers
  3 storm dragons (Zot:1)
  3 shadow dragons
  3 draconian monks
  3 draconian knights
  2 revenants (Crypt:1)
  A frost giant (Depths:2)
  A deep elf sorcerer (Elf:3)
  A draconian scorcher (Zot:1)
  A caustic shrike zombie (Crypt:2)
  An emperor scorpion (Spider:4)
  A draconian shifter (Zot:1)
  5 curse skulls
  An ironbound preserver (Vaults:3)
  5 ghouls
  3 ghost moths
  2 draconian annihilators (Zot:1)
  3 green draconians
  A juggernaut skeleton (Crypt:3)
  4 very ugly things
  8 stone giants
  8 vampire knights
  3 black draconians
  A deep elf annihilator (Elf:3)
  2 deep elf demonologists
  2 yellow draconians
  2 white draconians
  A spark wasp (Depths:2)
  2 purple draconians
  2 red draconians (Zot:1)
  4 eidola
  3 deep elf death magi
  A merfolk impaler (Shoals:4)
  6 fire dragons
  4 ettins
  An entropy weaver (Spider:1)
  A spriggan zombie (Depths:3)
  14 jiangshi
  2 deep elf high priests (Elf:3)
  2 vault guards
  A quicksilver dragon skeleton (Crypt:3)
  A yaktaur captain (Vaults:3)
  A spriggan skeleton (Crypt:3)
  A rakshasa (Depths:3)
  An ogre mage (Depths:1)
  A bennu zombie (Crypt:1)
  A merfolk avatar (Shoals:3)
  3 spriggan air magi
  A two-headed ogre (D:15)
  A deep troll shaman (Depths:3)
  A death yak (Shoals:1)
  2 deep troll earth magi
  An orc high priest (Orc:2)
  Urug (Orc:2)
  6 vampire magi
  2 spriggan berserkers
  An emperor scorpion zombie (Crypt:3)
  A storm dragon zombie (Crypt:2)
  A deep elf knight (Elf:1)
  6 skeletal warriors
  A soul eater (Crypt:2)
  A titan skeleton (Crypt:1)
  3 shadow wraiths (Crypt:3)
  A skyshark (Lair:5)
  5 deep trolls
  2 orb spiders (Spider:4)
  3 wizards (Depths:2)
  A flayed ghost (Depths:4)
  A tengu zombie (Depths:3)
  2 ironbound convokers
  A shadow dragon zombie (Crypt:1)
  4 phantasmal warriors
  A wolf spider zombie (Crypt:1)
  3 necromancers
  A deep elf zephyrmancer (Elf:1)
  3 ugly things
  2 salamanders
  An iron dragon zombie (Crypt:1)
  A tengu skeleton (Depths:3)
  8 wolf spiders
  8 moths of wrath
  2 fauns (Shoals:1)
  A frost giant skeleton (Crypt:1)
  2 demonic crawlers
  An iron dragon skeleton (Crypt:3)
  A torpor snail (Spider:4)
  A cane toad (Lair:3)
  A water nymph (Shoals:4)
  A dire elephant skeleton (Crypt:3)
  A steelbarb worm zombie (Crypt:3)
  2 freezing wraiths
  3 yaktaurs (Vaults:2)
  3 tengu conjurers
  A pale draconian skeleton (Crypt:1)
  A hornet (Depths:2)
  2 merfolk
  5 tarantellas
  2 harpy skeletons (Crypt:1)
  An alligator zombie (Crypt:3)
  A guardian serpent zombie (Crypt:1)
  2 culicivoras (Spider:4)
  A spriggan (Depths:2)
  A centaur simulacrum (D:14)
  9 flying skulls
  5 wraiths
  3 jumping spiders
  A yak (D:11)
  A water elemental (Depths:4)
  4 redbacks
  A vampire mosquito (D:11)
  A demonspawn skeleton (Crypt:2)
  A floating eye (shapeshifter) (Depths:4)
  A water moccasin (Lair:3)
  An orc warrior (Orc:2)
  A snapping turtle zombie (Crypt:1)
  A wolf (D:9)
  4 bullfrogs
  A yaktaur skeleton (Crypt:1)
  3 necrophages (Crypt:2)
  A draconian skeleton (Crypt:1)
  A komodo dragon skeleton (Crypt:2)
  3 wights (D:9)
  A howler monkey (D:12)
  A vampire bat (D:4)
  A polar bear skeleton (Crypt:2)
  2 electric eels
  2 nameless horrors
  A hound (D:4)
  A black bear skeleton (Crypt:3)
  A sleepcap (D:4)
  Natasha (D:2)
  A hell rat (Lair:4)
  An ogre skeleton (Crypt:2)
  A deep dwarf skeleton (Crypt:2)
  9 mummies (Crypt:3)
  A gnoll (D:3)
  An adder (D:2)
  An iguana skeleton (Crypt:2)
  A worm (D:5)
  A dart slug (D:1)
  A worm (shapeshifter) (Depths:3)
  6 orcs
  A bat (D:1)
  2 bat skeletons (D:4)
  2 bat zombies (D:4)
  4 endoplasms
  A giant cockroach (D:2)
  A goblin (D:2)
  2 hobgoblins (D:1)
  2 quokkas
  A ball python (D:4)
  A frilled lizard (D:3)
  A frilled lizard skeleton (Crypt:3)
  A frilled lizard zombie (Crypt:1)
  2 kobolds
  A rat skeleton (Crypt:2)
370 creatures vanquished.

Vanquished Creatures (collateral kills)
  2 dread liches
  An orb of fire (Zot:2)
  Boris (thrice) (Vaults:4 Depths:1 Depths:4)
  Saint Roka (Depths:1)
  Parghit (Depths:4)
  A curse toe (Zot:1)
  A caustic shrike (Depths:2)
  7 golden dragons
  Nikola (Vaults:1)
  4 tentacled monstrosities
  A shard shrike zombie (Crypt:3)
  Rupert (D:14)
  A deep elf blademaster (Elf:3)
  A walking crystal tome (Depths:3)
  2 liches
  A quicksilver dragon (Zot:2)
  2 krakens (Shoals:2)
  3 deep elf master archers (Elf:3)
  11 sphinxes
  4 titans
  Polyphemus (Shoals:1)
  4 tengu reavers
  An eldritch tentacle (Depths:1)
  2 storm dragons
  A shadow dragon (Vaults:5)
  Donald (Vaults:1)
  Ilsuiw (Shoals:1)
  A draconian monk (Zot:1)
  6 fire giants
  A nagaraja (Vaults:2)
  2 iron dragons
  A balrug (Depths:1)
  Aizul (Shoals:1)
  9 vault wardens
  11 deep elf sorcerers
  6 frost giants
  A draconian knight (Zot:1)
  5 emperor scorpions
  5 spectral caustic shrikes (Depths:3)
  2 ghost moths
  A draconian stormcaller (Depths:4)
  4 deep elf elementalists (Elf:3)
  2 orc warlords
  4 spriggan defenders
  20 ironbound preservers
  A ghoul (Crypt:3)
  2 broodmothers (Spider:4)
  13 stone giants
  3 draconian annihilators
  5 war gargoyles
  7 ironbound thunderhulks
  10 very ugly things
  A vampire knight (Depths:1)
  18 dire elephants
  7 deep elf annihilators
  2 purple draconians (Zot:2)
  6 green draconians
  6 deep elf demonologists
  A red draconian (Depths:4)
  4 white draconians
  2 black draconians (Zot:1)
  A yellow draconian (Zot:1)
  2 spark wasps (Depths:2)
  8 deep elf death magi
  5 merfolk javelineers
  Snorg (D:13)
  7 ettins
  An iron golem (Depths:1)
  A jiangshi (Vaults:3)
  3 crystal guardians
  7 merfolk impalers
  11 yaktaur captains
  9 fire dragons
  4 entropy weavers
  4 great orbs of eyes
  12 deep elf high priests
  Harold (Orc:1)
  Fannar (D:11)
  2 caustic shrike simulacra (Depths:3)
  3 ogre magi
  6 ironbound frosthearts
  33 vault guards
  4 peacekeepers
  A radroach (Spider:3)
  5 hydras
  6 ice dragons
  3 catoblepae
  2 merfolk avatars
  2 spriggan air magi
  7 boulder beetles
  12 dancing weapons
  15 centaur warriors
  9 two-headed ogres
  7 deep troll shamans
  4 merfolk aquamancers (Shoals:4)
  A death knight (Crypt:3)
  7 death yaks
  4 tengu warriors
  12 deep troll earth magi
  4 vampire magi
  2 spriggan berserkers (Depths:1)
  3 orc high priests (Orc:2)
  A shock serpent (shapeshifter) (Depths:3)
  4 sun demons (Depths:1)
  A storm dragon zombie (Depths:3)
  5 skysharks
  8 deep elf knights
  Nergalle (Orc:1)
  2 salamander mystics (Depths:2)
  A shadow wraith (Vaults:5)
  3 iron trolls
  Lodul (D:14)
  A pharaoh ant (Spider:3)
  7 sea snakes
  A goliath frog (shapeshifter) (Depths:2)
  2 sun moths
  A shadow demon (Depths:1)
  An obsidian statue (D:9)
  A bog body (Crypt:1)
  6 orb spiders
  52 deep trolls
  9 deep elf archers
  6 wizards
  9 phantasmal warriors
  6 glowing orange brains
  16 ironbound convokers
  7 orc knights
  24 harpies
  22 deep elf pyromancers
  10 lindwurms
  A sphinx zombie (Depths:3)
  4 necromancers
  8 steelbarb worms
  17 deep elf zephyrmancers
  An orc sorcerer (Orc:2)
  2 salamanders (Depths:2)
  10 wolf spiders
  15 manticores
  3 cyclopes
  2 fauns
  33 ugly things
  6 black mambas
  5 moths of wrath
  9 merfolk sirens
  8 water nymphs
  8 elephants
  A molten gargoyle (Depths:2)
  4 demonic crawlers
  8 torpor snails
  4 gargoyles
  15 vault sentinels
  Maggie (Lair:1)
  5 cane toads
  4 unseen horrors
  7 rime drakes
  A naga skeleton (Crypt:3)
  21 yaktaurs
  The ghost of RancidPinata the Trooper, a novice GrGl (D:4)
  3 komodo dragons
  3 freezing wraiths
  2 tengu conjurers
  A guardian mummy (Crypt:3)
  An ice devil (Depths:1)
  A meliai (shapeshifter) (Vaults:5)
  A polar bear (shapeshifter) (Vaults:4)
  A hornet (D:9)
  19 merfolk
  3 meliai (Spider:1)
  A queen bee (Lair:2)
  8 trolls
  8 polar bears
  19 tarantellas
  A hornet (shapeshifter) (D:13)
  4 nameless horrors
  7 wind drakes
  17 blink frogs
  4 snapping turtles
  An air elemental (Elf:3)
  A fire giant simulacrum (Depths:3)
  27 jumping spiders
  25 slime creatures
  A centaur simulacrum (D:14)
  21 culicivoras
  A flying skull (Crypt:3)
  Sigmund (D:5)
  An ettin skeleton (Crypt:3)
  2 wraiths
  A vampire (D:11)
  14 water elementals
  4 wyverns
  39 yaks
  4 fire elementals
  A dire elephant simulacrum (Crypt:3)
  A neqoxec (Depths:1)
  7 basilisks
  A steam dragon (Lair:5)
  Menkaure (D:6)
  39 redbacks
  12 vampire mosquitoes
  5 wargs
  An acid dragon (D:11)
  14 water moccasins
  A demonspawn zombie (Crypt:3)
  34 orc warriors
  2 sky beasts
  A demonspawn skeleton (Crypt:2)
  3 ice beasts
  13 ogres
  10 wolves
  A blink frog zombie (Crypt:3)
  3 centaurs
  A phantom (D:4)
  13 bullfrogs
  A gnoll sergeant (D:11)
  2 scorpions
  An earth elemental (Elf:1)
  A necrophage (Crypt:3)
  A glowing shapeshifter simulacrum (Depths:3)
  5 wights
  28 killer bees
  A vampire bat (D:4)
  5 howler monkeys
  4 hounds
  4 jellies
  17 orc priests
  A gnoll bouda (D:4)
  3 iguanas
  Terence (D:2)
  A sleepcap (D:7)
  18 orc wizards
  11 hell rats (Lair:4)
  A boggart simulacrum (D:14)
  3 mummies (Crypt:3)
  Robin (D:2)
  20 gnolls
  5 adders
  An ufetubus (D:6)
  2 worms
  A dart slug (D:5)
  87 orcs
  A bat skeleton (D:4)
  A bat zombie (D:4)
  3 endoplasms
  3 giant cockroaches
  4 hobgoblins
  A quokka (D:2)
  7 ball pythons
  A bat (D:1)
  2 frilled lizards
  14 goblins
  5 kobolds
  2 rats
  10 tentacles (Shoals:2)
1565 creatures vanquished.

Vanquished Creatures (others)
  Frederick (Vaults:5)
  3 tentacled monstrosities (Vaults:5)
  A quicksilver dragon (Vaults:5)
  A titan (Vaults:5)
  A kraken (Shoals:2)
  48 eldritch tentacles
  A sphinx (Vaults:5)
  2 tengu reavers
  A storm dragon (Zot:1)
  A deep elf sorcerer (Vaults:5)
  4 vault wardens
  A fire giant (Vaults:5)
  2 frost giants (Vaults:5)
  An emperor scorpion (Spider:3)
  A draconian scorcher (Zot:1)
  An orc warlord (Vaults:2)
  3 ironbound preservers (Vaults:5)
  A war gargoyle (Vaults:5)
  4 stone giants (Vaults:5)
  2 deep elf demonologists
  A dire elephant (Vaults:2)
  2 deep elf annihilators (Elf:3)
  4 merfolk javelineers
  2 deep elf death magi
  2 merfolk impalers
  A deep elf high priest (Vaults:5)
  12 vault guards
  4 yaktaur captains (Vaults:5)
  2 centaur warriors
  2 alligator snapping turtles (Shoals:4)
  2 merfolk aquamancers (Shoals:4)
  An ironbound frostheart (Vaults:1)
  A dancing weapon (Elf:3)
  A deep troll earth mage (Vaults:5)
  2 satyrs
  A hell knight (Vaults:5)
  A deep elf knight (Elf:1)
  An iron troll (Depths:1)
  4 skysharks (Shoals:2)
  2 sea snakes
  A shadow wraith (Vaults:5)
  12 deep trolls
  7 ironbound convokers
  3 deep elf archers
  A lindwurm (Vaults:3)
  4 wizards
  An orc knight (Vaults:5)
  2 deep elf pyromancers
  3 deep elf zephyrmancers
  2 wolf spiders
  3 manticores (Shoals:2)
  2 fauns (Shoals:3)
  5 ugly things
  A moth of wrath (Zot:1)
  2 water nymphs (Shoals:4)
  An elephant (shapeshifter) (Vaults:5)
  3 vault sentinels
  A freezing wraith (Vaults:5)
  8 yaktaurs
  A troll (D:10)
  A death yak skeleton (Crypt:1)
  8 merfolk
  A blink frog (Lair:4)
  A hornet (Depths:4)
  A spriggan (Depths:4)
  3 air elementals
  4 water elementals (Shoals:4)
  4 yaks
  2 redbacks (shapeshifter) (Vaults:5)
  3 orc warriors
  4 wolves (Lair:3)
  A bullfrog (Lair:1)
  A wight (D:7)
  A killer bee (D:9)
  An orc wizard (Orc:2)
  29 snaplasher vines
  70 tentacles (Shoals:2)
326 creatures vanquished.

Grand Total: 2261 creatures vanquished

Notes
Turn   | Place    | Note
-------+----------+-------------------------------------------
     0 | D:1      | Zonian the Felid Summoner began the quest for the Orb.
     0 | D:1      | Reached XP level 1. HP: 7/7 MP: 4/4
   347 | D:1      | Reached XP level 2. HP: 4/11 MP: 6/6
   699 | D:1      | Found a faded altar of an unknown god.
  1482 | D:2      | Learned a level 2 spell: Call Imp
  1482 | D:2      | Noticed Terence
  1693 | D:2      | Identified a scroll of acquirement
  1693 | D:2      | Acquired the amulet of Karheug {Faith rC+ Regen+ rCorr}
  1783 | D:2      | Killed Terence
  1784 | D:2      | Reached XP level 3. HP: 14/14 MP: 2/8
  1935 | D:2      | Learned a level 3 spell: Call Canine Familiar
  2138 | D:2      | Noticed Robin
  2285 | D:2      | Reached XP level 4. HP: 18/18 MP: 5/9
  2450 | D:2      | Killed Robin
  2451 | D:2      | Reached skill level 5 in Summonings
  2673 | D:2      | Noticed Natasha
  2683 | D:2      | Killed Natasha
  2684 | D:2      | Reached XP level 5. HP: 14/21 MP: 8/11
  2806 | D:2      | Learned a level 3 spell: Summon Guardian Golem
  4269 | D:4      | Gained mutation: You are covered in thick fur. (AC +2)
                  | [Felid growth]
  4269 | D:4      | Reached XP level 6. HP: 24/24 MP: 11/13
  4374 | D:4      | Found an ancient bone altar of Kikubaaqudgha.
  4397 | D:4      | Learned a level 4 spell: Summon Lightning Spire
  4507 | D:4      | Reached skill level 5 in Spellcasting
  4990 | D:4      | Reached skill level 1 in Hexes
  4990 | D:4      | Reached XP level 7. HP: 27/27 MP: 9/15
  5231 | D:4      | Identified the +1 giant club "Ozash" {elec, rC+ Will+ Int+4
                  | Dex-3}
  5232 | D:4      | Noticed RancidPinata's ghost (novice GrGl)
  5233 | D:4      | Found a transporter.
  5371 | D:4      | Found a transporter.
  5667 | D:5      | Entered Level 5 of the Dungeon
  5814 | D:5      | Noticed Sigmund
  6069 | D:5      | Found a staircase to the Ecumenical Temple.
  6085 | D:5      | Killed Sigmund
  6095 | Temple   | Entered the Ecumenical Temple
  6102 | Temple   | Became a worshipper of Gozag Ym Sagoz the Greedy
  6151 | D:5      | Found Gics's Magic Scroll Boutique.
  6156 | D:5      | Bought a scroll of teleportation for 42 gold pieces
  6156 | D:5      | Bought a scroll of teleportation for 42 gold pieces
  6337 | D:5      | Reached XP level 8. HP: 31/31 MP: 14/17
  6604 | D:6      | Noticed Menkaure
  6617 | D:6      | Killed Menkaure
  6618 | D:6      | Reached skill level 1 in Air Magic
  6879 | D:6      | Found a burning altar of Makhleb.
  6902 | D:6      | Reached skill level 5 in Hexes
  7773 | D:7      | Reached skill level 5 in Dodging
  7926 | D:7      | Found a hazy altar of Hepliaklqana.
  7957 | D:7      | Reached XP level 9. HP: 29/34 MP: 17/19
  8634 | D:8      | Noticed a two-headed ogre
  8650 | D:8      | Killed a two-headed ogre
  9840 | D:8      | Got Siz Xeog's Codex of Petrous Transfiguration
  9928 | D:8      | Reached XP level 10. HP: 27/37 MP: 2/20
 10822 | D:9      | Found a white marble altar of Elyvilon.
 10822 | D:9      | Found a glowing silver altar of Zin.
 10950 | D:9      | Reached skill level 5 in Air Magic
 11242 | D:9      | Noticed an obsidian statue
 11251 | D:9      | Noticed a sixfirhy
 11258 | D:9      | Noticed an orange demon
 11266 | D:9      | Noticed a sun demon
 12004 | D:9      | Found a staircase to the Lair.
 12276 | D:9      | Reached skill level 10 in Hexes
 12672 | Lair:1   | Entered Level 1 of the Lair of Beasts
 12672 | Lair:1   | Noticed a cane toad
 12686 | Lair:1   | Killed a cane toad
 12694 | Lair:1   | Noticed a six-headed hydra
 12737 | Lair:1   | Reached skill level 1 in Transmutations
 12840 | Lair:1   | Killed a six-headed hydra
 12841 | Lair:1   | Reached skill level 1 in Fighting
 12841 | Lair:1   | Reached skill level 10 in Summonings
 13064 | Lair:1   | Reached skill level 2 in Transmutations
 13075 | Lair:1   | Reached XP level 11. HP: 43/43 MP: 12/22
 13317 | Lair:1   | Acquired Lytixtul's Incunabulum of Enchantment
 13325 | Lair:1   | Learned a level 5 spell: Summon Mana Viper
 13369 | Lair:1   | Noticed a boulder beetle
 13410 | Lair:1   | Killed a boulder beetle
 13904 | Lair:1   | Noticed Maggie
 13922 | Lair:1   | Killed Maggie
 13928 | Lair:1   | Reached skill level 10 in Dodging
 15397 | Lair:2   | You fall into a shaft and drop 1 floor!
 15415 | Lair:3   | Noticed an eight-headed hydra
 15495 | Lair:3   | Noticed a lindwurm
 15535 | Lair:3   | Found a staircase to the Shoals.
 15535 | Lair:3   | Noticed a harpy
 15535 | Lair:3   | Noticed a harpy
 15536 | Lair:3   | Found a hole to the Spider Nest.
 15946 | Lair:3   | Killed an eight-headed hydra
 16999 | Lair:2   | Gained mutation: Your thick and shaggy fur keeps you warm.
                  | (AC +3, rC+) [Felid growth]
 16999 | Lair:2   | Reached XP level 12. HP: 50/50 MP: 15/24
 18414 | Lair:3   | Learned a level 4 spell: Anguish
 18699 | Lair:3   | Reached skill level 5 in Stealth
 18867 | Lair:3   | Reached skill level 1 in Necromancy
 19055 | Lair:3   | Reached skill level 5 in Fighting
 19378 | Lair:3   | Killed from afar by a lindwurm
 19379 | Lair:3   | Reached XP level 11. HP: -3/48 MP: 12/24
 19658 | Lair:3   | Killed a lindwurm
 20540 | Lair:4   | Noticed a catoblepas
 20549 | Lair:4   | Killed a catoblepas
 20728 | Lair:4   | Noticed a death yak
 20742 | Lair:4   | Noticed a death yak
 20814 | Lair:4   | Bought a scroll of blinking for 112 gold pieces
 20814 | Lair:4   | Bought a scroll of teleportation for 45 gold pieces
 20814 | Lair:4   | Bought 2 scrolls of fear for 120 gold pieces
 20952 | Lair:4   | Learned a level 5 spell: Summon Forest
 21037 | Lair:4   | Noticed a death yak
 21038 | Lair:4   | Noticed a death yak
 21074 | Lair:4   | Killed a death yak
 21075 | Lair:4   | Reached XP level 12. HP: 52/52 MP: 13/25
 21215 | Lair:4   | Reached skill level 1 in Translocations
 22023 | Lair:4   | Noticed a death yak
 22025 | Lair:4   | Noticed a death yak
 22030 | Lair:4   | Killed a death yak
 22040 | Lair:4   | Killed a death yak
 22902 | Lair:4   | Killed a death yak
 22919 | Lair:4   | Killed a death yak
 22928 | Lair:4   | Killed a death yak
 23051 | Lair:5   | Entered Level 5 of the Lair of Beasts
 23051 | Lair:5   | Noticed a six-headed hydra
 23524 | Lair:5   | Killed a six-headed hydra
 25057 | Lair:5   | Found a staircase to the Slime Pits.
 25058 | Lair:5   | Found a viscous altar of Jiyva.
 25100 | Lair:5   | Reached XP level 13. HP: 57/57 MP: 14/27
 25248 | Lair:5   | Reached skill level 5 in Translocations
 25595 | Lair:5   | Reached skill level 5 in Necromancy
 26522 | Lair:5   | Identified the +9 falchion "Jeriph" {pain, Drain rF+ rC++
                  | Stlth+}
 27324 | D:10     | Entered Level 10 of the Dungeon
 27601 | D:10     | Found Wifisie's Armour Emporium.
 28364 | D:11     | Found a shimmering blue altar of Sif Muna.
 28667 | D:11     | Found a staircase to the Orcish Mines.
 28880 | D:11     | Noticed Fannar
 28903 | D:11     | Killed Fannar
 29063 | D:11     | Found an iron altar of Okawaru.
 29139 | D:11     | Found a hazy altar of Hepliaklqana.
 29544 | D:11     | Identified the amulet "Paong" {Spirit Str+3}
 30716 | D:12     | Identified the +9 flail "Zagonn" {flame, rElec rN+ Stlth+}
 30761 | D:12     | Identified the +1 cloak of Osigudis {Str+5 Int+7}
 30771 | D:12     | Found Tihin's Jewellery Boutique.
 31353 | D:13     | Noticed Snorg
 31359 | D:13     | Killed Snorg
 31360 | D:13     | Reached skill level 10 in Spellcasting
 31360 | D:13     | Reached XP level 14. HP: 41/63 MP: 12/29
 31369 | D:13     | Killed from afar by a gargoyle
 31370 | D:13     | Reached XP level 13. HP: 0/58 MP: 6/28
 32117 | D:13     | Acquired a book of the Moon
 32124 | D:13     | Learned a level 4 spell: Passage of Golubria
 33357 | D:14     | Noticed Rupert
 33375 | D:14     | Noticed Lodul
 33391 | D:14     | Killed Lodul
 33884 | D:13     | Acquired 742 gold pieces
 33986 | D:14     | Found a gate to the Vaults.
 34241 | D:14     | Reached skill level 3 in Transmutations
 34241 | D:14     | Reached skill level 10 in Air Magic
 35547 | D:15     | Entered Level 15 of the Dungeon
 35659 | D:15     | Found a staircase to the Depths.
 35659 | D:15     | Noticed a stone giant
 35892 | D:15     | Killed a stone giant
 36255 | D:15     | Reached XP level 14. HP: 64/64 MP: 25/29
 36292 | D:15     | Reached skill level 4 in Transmutations
 37071 | D:15     | Identified Roxanne's Vellum of Alteration
 37071 | D:15     | Noticed Roxanne
 37301 | D:15     | Reached skill level 15 in Dodging
 38370 | Orc:1    | Entered Level 1 of the Orcish Mines
 38380 | Orc:1    | Noticed Harold
 38383 | Orc:1    | Found Xaingaocue's Armour Emporium.
 38789 | Orc:2    | Entered Level 2 of the Orcish Mines
 39029 | Orc:2    | Noticed Urug
 39066 | Orc:2    | Gained mutation: You occasionally lose the ability to drink
                  | potions when taking damage. [a neqoxec]
 39076 | Orc:2    | Reached skill level 5 in Transmutations
 39082 | Orc:2    | Killed Urug
 39524 | Orc:1    | Reached skill level 10 in Fighting
 39524 | Orc:1    | Reached XP level 15. HP: 69/69 MP: 30/30
 39719 | Orc:2    | Reached skill level 6 in Transmutations
 39877 | Orc:2    | Found Olysoe's General Store.
 39886 | Orc:2    | Bought a scroll of silence for 104 gold pieces
 39908 | Orc:2    | Found Guniabby's Antique Armour Shoppe.
 40874 | Orc:2    | Found Ixeshrih's Antique Weapon Emporium.
 40877 | Orc:2    | Found a staircase to the Elven Halls.
 41218 | Orc:2    | Found Ybadu's Book Boutique.
 41567 | Orc:1    | Killed Harold
 41754 | Orc:1    | Found Wuubuxubb's Overcharged Wands.
 41772 | Orc:1    | Bought a wand of roots (18) for 648 gold pieces
 41772 | Orc:1    | Bought a wand of digging (11) for 693 gold pieces
 41792 | Orc:1    | Noticed Nergalle
 41802 | Orc:1    | Killed Nergalle
 42172 | Orc:2    | Lost mutation: You occasionally lose the ability to drink
                  | potions when taking damage. [potion of mutation]
 42172 | Orc:2    | Gained mutation: Your flesh is cold resistant. (rC+)
                  | [potion of mutation]
 42172 | Orc:2    | Gained mutation: A frigid envelope surrounds you and
                  | freezes all who hurt you. [potion of mutation]
 42172 | Orc:2    | Gained mutation: You are partially covered in iridescent
                  | scales. (AC +2) [potion of mutation]
 42172 | Orc:2    | Gained mutation: Your muscles are strong. (Str +4, Int/Dex
                  | -1) [potion of mutation]
 42198 | D:11     | Identified the +9 whip of Exchange {heavy, Str+2 Int+6}
 42377 | D:15     | Bought the ring of Qeashe {rPois rF+ Int+3 Dex+4 Slay-6}
                  | for 514 gold pieces
 42379 | D:15     | Bought the ring of the Tortoise {AC+8} for 2560 gold pieces
 42379 | D:15     | Found the ring of the Tortoise {AC+8}
 42646 | Spider:1 | Entered Level 1 of the Spider Nest
 42697 | Spider:1 | Reached skill level 1 in Evocations
 44490 | Spider:1 | Noticed an emperor scorpion
 44506 | Spider:1 | Killed an emperor scorpion
 44695 | Spider:1 | Noticed Frances
 44719 | Spider:1 | Killed Frances
 45067 | Spider:1 | Reached XP level 16. HP: 31/74 MP: 15/32
 45859 | Spider:2 | Learned a level 6 spell: Summon Cactus Giant
 48406 | Spider:4 | Entered Level 4 of the Spider Nest
 53930 | Spider:3 | Reached XP level 17. HP: 80/80 MP: 22/34
 54612 | Spider:4 | Identified the orb of Olewkaoh {light, rElec rPois Dex+4}
 54623 | Spider:4 | Got a gossamer rune of Zot
 54797 | Shoals:1 | Entered Level 1 of the Shoals
 54954 | Shoals:1 | Learned a level 2 spell: Blink
 55365 | Shoals:1 | Noticed Aizul
 55600 | Shoals:1 | Found a transporter.
 55602 | Shoals:1 | Found a transporter.
 55613 | Shoals:1 | Killed Aizul
 56736 | Shoals:1 | Noticed fearitself's ghost (adept MiBe)
 56738 | Shoals:1 | Noticed a kraken
 57801 | Shoals:2 | Noticed Polyphemus
 57818 | Shoals:2 | Noticed Ilsuiw
 57834 | Shoals:2 | Noticed a kraken
 57834 | Shoals:2 | Noticed a kraken
 57834 | Shoals:2 | Noticed a kraken
 57834 | Shoals:2 | Noticed a kraken
 58517 | Shoals:1 | Killed Polyphemus
 59574 | Shoals:1 | Killed Ilsuiw
 60259 | Shoals:2 | Killed from afar by a manticore
 60260 | Shoals:2 | Reached XP level 16. HP: -2/77 MP: 12/33
 60633 | D:5      | Bought a scroll of fog for 56 gold pieces
 60638 | D:5      | Learned a level 3 spell: Swiftness
 62518 | Shoals:2 | Killed a kraken
 62795 | Shoals:2 | Killed a kraken
 63524 | Shoals:2 | Killed a kraken
 63650 | Shoals:3 | Found Haetheck's Distillery.
 63693 | Shoals:3 | Bought a potion of curing for 30 gold pieces
 63693 | Shoals:3 | Bought a potion of invisibility for 80 gold pieces
 63693 | Shoals:3 | Bought a potion of curing for 30 gold pieces
 63857 | Shoals:3 | Found Ozxoliazap's Antique Weapon Shop.
 64316 | Shoals:3 | Found Sotzun's Assorted Antiques.
 64326 | Shoals:3 | Bought a wand of roots (5) for 300 gold pieces
 64326 | Shoals:3 | Bought a scroll of teleportation for 75 gold pieces
 64326 | Shoals:3 | Bought 2 potions of magic for 400 gold pieces
 65737 | Shoals:4 | Entered Level 4 of the Shoals
 65758 | Shoals:4 | Acquired 663 gold pieces
 67565 | Shoals:4 | Identified the +10 morningstar of Resourcefulness {flame,
                  | rN++ Str-4}
 67577 | Shoals:4 | Reached skill level 10 in Translocations
 67577 | Shoals:4 | Reached XP level 17. HP: 52/82 MP: 17/35
 67937 | Shoals:4 | Reached skill level 5 in Evocations
 68035 | Shoals:4 | Reached skill level 15 in Hexes
 68292 | Shoals:4 | Identified the +7 hand axe of the Enchanted Forest {heavy,
                  | Drain rPois rF+ Int+2}
 68594 | Shoals:4 | Noticed a titan
 74552 | Shoals:4 | Killed a titan
 74679 | Shoals:4 | Identified the staff of poison "Jeism" {rElec rPois Str+2
                  | Int-3}
 74683 | Shoals:4 | Got a barnacled rune of Zot
 74756 | Shoals:4 | Learned a level 7 spell: Summon Hydra
 75408 | Elf:1    | Entered Level 1 of the Elven Halls
 76829 | Elf:1    | Found a runed translucent gate.
 76829 | Elf:1    | Found a runed translucent gate.
 76829 | Elf:1    | Found a runed translucent gate.
 76829 | Elf:1    | Found a runed translucent gate.
 76829 | Elf:1    | Found a runed translucent gate.
 76831 | Elf:1    | Found a runed translucent gate.
 77184 | Elf:1    | Paralysed by an air elemental for 1 turns
 78028 | Elf:1    | Reached skill level 15 in Summonings
 79041 | Elf:2    | Found Uraavi's General Store.
 79056 | Elf:2    | Bought a scroll of poison for 68 gold pieces
 79056 | Elf:2    | Bought a scroll of fear for 68 gold pieces
 79482 | Elf:2    | Found Enugeimida's Assorted Antiques.
 79490 | Elf:2    | Bought a scroll of teleportation for 72 gold pieces
 79568 | Elf:2    | Reached skill level 15 in Fighting
 79767 | Elf:2    | Reached XP level 18. HP: 87/89 MP: 16/36
 79875 | Elf:2    | Found Lapnet's Jewellery Shop.
 79952 | Elf:2    | Found Lopsomm's Assorted Antiques.
 80778 | Elf:2    | Found a runed translucent gate.
 80778 | Elf:2    | Found a runed translucent gate.
 80781 | Elf:2    | Found a runed translucent gate.
 80855 | Elf:2    | Found Sumanguc's General Store.
 80871 | Elf:2    | Bought a potion of heal wounds for 85 gold pieces
 80871 | Elf:2    | Bought a potion of invisibility for 136 gold pieces
 81206 | Elf:3    | Entered Level 3 of the Elven Halls
 81360 | Elf:3    | Found Akaukhlor's Distillery.
 81368 | Elf:3    | Bought a potion of curing for 57 gold pieces
 81368 | Elf:3    | Bought a potion of curing for 57 gold pieces
 84571 | Elf:3    | Shot with an arrow by a deep elf master archer
 84572 | Elf:3    | Reached XP level 17. HP: -23/85 MP: 22/35
 84580 | Elf:3    | Killed a deep elf master archer
 85283 | Elf:3    | Identified the +8 falchion of the Bespelling Goat {freeze,
                  | rPois Will- SInv}
 85283 | Elf:3    | Identified the ring of Sakurch {Will+++ Int+4 Dex+6 Slay-3
                  | Stlth-}
 85546 | Elf:3    | Noticed a deep elf master archer
 86095 | Elf:3    | Killed from afar by a deep elf death mage
 86096 | Elf:3    | Reached XP level 16. HP: -1/74 MP: 21/34
 87147 | Elf:3    | Paralysed by an air elemental for 1 turns
 87149 | Elf:3    | Identified the staff of poison "Jeloirim" {rElec rPois}
 87516 | Elf:3    | Paralysed by an air elemental for 1 turns
 87522 | Elf:3    | Paralysed by an air elemental for 1 turns
 87996 | Elf:3    | Killed a deep elf master archer
 88010 | Elf:3    | Identified the +9 war axe of Hoteotz {freeze, Str+3}
 88559 | Elf:3    | Identified the +0 shortbow of Slime {freeze, Int+3}
 88711 | Elf:3    | Got the Tractate on the Fey Iceberg
 88751 | Elf:3    | Got the Verses on Embers and the Valley
 88753 | Elf:3    | Got Sif Muna's Treatise on Breezy Grit
 88963 | Elf:3    | Identified the +2 pair of gloves of Baldness {Dex+2}
 89417 | Vaults:1 | Entered Level 1 of the Vaults
 90163 | Vaults:1 | Noticed Donald
 90389 | Vaults:1 | Noticed a sphinx
 90399 | Vaults:1 | Killed a sphinx
 90400 | Vaults:1 | Reached XP level 17. HP: 85/85 MP: 9/35
 90409 | Vaults:1 | Noticed Nikola
 90416 | Vaults:1 | Killed Nikola
 90611 | Vaults:1 | Killed Donald
 91249 | Vaults:1 | Bought the amulet "Zarost" {RegenMP rN++ Int+2} for 930
                  | gold pieces
 94422 | Vaults:2 | Identified the +8 rapier of Impatience {flame, rC+}
 96605 | Vaults:2 | Reached XP level 18. HP: 77/89 MP: 28/37
 97297 | Vaults:2 | Found a runed translucent gate.
 97297 | Vaults:2 | Found a runed translucent gate.
 97298 | Vaults:2 | Found a runed translucent gate.
 97303 | Vaults:2 | Noticed Unui's ghost (adept MiFi)
 97357 | Vaults:2 | Identified the +1 plate armour of the Enchanted Forest
                  | {rElec rPois}
 97417 | Vaults:2 | Identified the +1 shortbow of Income {freeze, Fragile MP+9
                  | Dex+3}
 97418 | Vaults:2 | Reached skill level 15 in Spellcasting
 97995 | Vaults:2 | Paralysed by a sphinx for 5 turns
 97996 | Vaults:2 | Noticed a golden dragon
 98080 | Vaults:2 | Killed a golden dragon
 98457 | Vaults:2 | Identified the staff of air "Meckogop" {rElec Str+5}
 99822 | Vaults:2 | Noticed Nornya's ghost (veteran MfSu)
 99823 | Vaults:2 | Noticed Droegar's ghost (adept MiBe)
 99871 | Vaults:2 | Reached skill level 15 in Translocations
100159 | Vaults:2 | Noticed Synox's ghost (legendary FoFi)
100684 | D:4      | Killed RancidPinata's ghost
100977 | D:14     | Killed Rupert
101736 | Elf:3    | Acquired 1190 gold pieces
102760 | Vaults:3 | Bought a scroll of teleportation for 42 gold pieces
103371 | D:5      | Bought a scroll of amnesia for 56 gold pieces
103380 | D:5      | Learned a level 7 spell: Malign Gateway
103766 | Vaults:3 | Found a staircase to the Crypt.
103766 | Vaults:3 | Found a basalt altar of Yredelemnul.
103767 | Vaults:3 | Found an ancient bone altar of Kikubaaqudgha.
104271 | Vaults:3 | Reached skill level 7 in Transmutations
104718 | Vaults:3 | Reached XP level 19. HP: 74/93 MP: 28/39
104972 | Vaults:3 | Reached skill level 8 in Transmutations
106998 | Vaults:3 | Reached skill level 9 in Transmutations
109296 | Vaults:4 | Noticed Boris
109310 | Vaults:4 | Killed Boris
110537 | Vaults:4 | Reached skill level 10 in Transmutations
111084 | Vaults:4 | Found a portal to a secret trove of treasure.
111297 | Vaults:5 | Entered Level 5 of the Vaults
111483 | Vaults:5 | Identified the +9 hand axe of the Skies Above {speed, rC+
                  | Str+3}
111810 | Vaults:5 | Reached XP level 20. HP: 93/97 MP: 17/41
111815 | Vaults:5 | Noticed Frederick
111899 | Vaults:5 | Killed Frederick
112017 | Vaults:5 | Identified the +2 dagger "Yvalol" {pain, Drain rC+ rN+
                  | Dex+2}
112043 | Vaults:5 | Reached skill level 11 in Transmutations
112918 | Vaults:5 | Noticed a golden dragon
112929 | Vaults:5 | Killed a golden dragon
113199 | Vaults:5 | Noticed a dread lich
113224 | Vaults:5 | Noticed a golden dragon
113284 | Vaults:5 | Got a silver rune of Zot
113372 | Vaults:5 | Killed a dread lich
113524 | Vaults:5 | Killed a golden dragon
113541 | Vaults:5 | Identified the +3 double sword of Dung {vamp, rElec rF+}
114040 | Vaults:5 | Identified the +0 plate armour "Poiwux" {Fly rCorr Str-2}
114976 | Depths:1 | Entered Level 1 of the Depths
115041 | Depths:1 | Noticed Boris
115581 | Depths:1 | Killed Boris
115584 | Depths:1 | Reached skill level 12 in Transmutations
116141 | Depths:1 | Noticed Saint Roka
116182 | Depths:1 | Killed Saint Roka
116546 | Depths:1 | Gained mutation: You occasionally shout uncontrollably at
                  | your foes. [a neqoxec]
116572 | Depths:1 | Gained mutation: Your spells are a little easier to cast,
                  | but a little less powerful. [a neqoxec]
116646 | Depths:1 | Found a one-way gate leading to the halls of Pandemonium.
117146 | Depths:1 | Found a snail-covered altar of Cheibriados.
117361 | Depths:1 | Reached skill level 13 in Transmutations
118117 | Depths:1 | Learned a level 7 spell: Dragon Form
119511 | Depths:1 | Reached XP level 21. HP: 100/100 MP: 39/44
119523 | Depths:1 | Got the Tome of Helpful Refrigeration
119623 | Depths:1 | Found a gateway to Hell.
119974 | Depths:2 | Found a one-way gateway to a ziggurat.
119986 | Depths:2 | Reached skill level 1 in Unarmed Combat
120052 | Depths:2 | Reached skill level 14 in Transmutations
120400 | Depths:2 | Identified the +8 chain mail "Muahad" {rPois Dex+3}
120505 | Depths:2 | Noticed a caustic shrike
120974 | Depths:2 | Killed a caustic shrike
123308 | Depths:2 | Reached skill level 5 in Unarmed Combat
123685 | Depths:2 | Reached skill level 15 in Transmutations
124066 | Depths:2 | Found a white marble altar of Elyvilon.
125037 | Depths:3 | Identified the ring "Nunlecou" {Ice Will++ Str+2 SInv}
125037 | Depths:3 | Noticed Josephina
125105 | Depths:3 | Killed Josephina
125160 | Depths:3 | Identified the ring of Janu Jer {EV+5 Dex+6 Slay+4 Stlth-}
125545 | Depths:3 | Found a sacrificial altar of Ru.
125992 | Depths:3 | Found a one-way gate to the infinite horrors of the Abyss.
126019 | Depths:3 | Noticed a caustic shrike
126028 | Depths:3 | Killed a caustic shrike
126333 | Depths:3 | Reached skill level 16 in Transmutations
126923 | Depths:3 | Identified the ring of Compulsion {Drain +Blink rPois SInv}
126931 | Depths:3 | Identified the ring "Luelatao" {rPois Will+ Int+6}
126934 | Depths:3 | Identified the ring "Woop" {Fire Will+}
127806 | Depths:4 | Entered Level 4 of the Depths
128005 | Depths:4 | Noticed a golden dragon
128020 | Depths:4 | Killed a golden dragon
128282 | Depths:4 | Reached XP level 22. HP: 105/105 MP: 45/45
128383 | Depths:4 | Found a broken altar of Ashenzari.
128430 | Depths:4 | Noticed a golden dragon
128445 | Depths:4 | Noticed Parghit
129212 | Depths:4 | Noticed Boris
129225 | Depths:4 | Killed Boris
129410 | Depths:4 | Killed Parghit
130083 | Depths:4 | Reached skill level 17 in Transmutations
130449 | Depths:4 | Killed a golden dragon
130864 | Depths:4 | Noticed a golden dragon
130880 | Depths:4 | Killed a golden dragon
130919 | Depths:4 | Reached skill level 10 in Unarmed Combat
131453 | Depths:4 | Found a gate to the Realm of Zot.
131837 | Crypt:1  | Entered Level 1 of the Crypt
134588 | Vaults:3 | Reached skill level 18 in Transmutations
136112 | Crypt:2  | Noticed Boris
136124 | Crypt:2  | Killed Boris
136125 | Crypt:2  | Reached skill level 19 in Transmutations
137557 | Crypt:3  | Entered Level 3 of the Crypt
139615 | Crypt:3  | Reached skill level 20 in Transmutations
139953 | Crypt:3  | Noticed a dread lich
140224 | Crypt:3  | Found a staircase to the Tomb.
140892 | Crypt:3  | Reached XP level 23. HP: 108/108 MP: 46/46
141583 | Crypt:3  | Paralysed by a dread lich for 5 turns
141591 | Crypt:3  | Killed a dread lich
141592 | Crypt:3  | Reached skill level 21 in Transmutations
141597 | Crypt:3  | Identified the staff of air "Zutit" {rElec Dex+2}
141601 | Crypt:3  | Identified the +2 helmet "Huihydo" {Rampage}
141602 | Crypt:3  | Identified the ring "Zytojaq" {*Slow rC+ rN+ MP+9 SInv}
141602 | Crypt:3  | Identified the amulet "Oskaaq" {Regen+ Str+3}
141602 | Crypt:3  | Identified the ring of Zaxej {Drain rElec rF+ rN+ SInv}
142501 | Zot:1    | Entered Level 1 of the Realm of Zot
142552 | Zot:1    | Noticed a curse toe
142557 | Zot:1    | HP: 4/162 [storm dragon (14)]
142581 | Zot:1    | Killed from afar by a black draconian
142582 | Zot:1    | Reached XP level 22. HP: -11/235 MP: 39/45
144704 | Zot:1    | Reached skill level 22 in Transmutations
144744 | Zot:1    | Killed a curse toe
144824 | Zot:1    | Killed a golden dragon
146292 | Zot:1    | Noticed a golden dragon
146301 | Zot:1    | Killed a golden dragon
146654 | Zot:1    | Learned a level 4 spell: Iskenderun's Mystic Blast
146721 | Zot:2    | Noticed a golden dragon
146723 | Zot:2    | Noticed a golden dragon
146736 | Zot:1    | Reached skill level 1 in Conjurations
146995 | Zot:2    | Killed a golden dragon
147001 | Zot:2    | Killed a golden dragon
147516 | Zot:2    | Reached skill level 23 in Transmutations
147553 | Zot:2    | HP: 2/157 [yellow draconian annihilator/poison arrow[a
                  | black draconian knight] (15)]
147554 | Zot:2    | Succumbed to a yellow draconian annihilator's poison arrow
147555 | Zot:2    | Reached XP level 21. HP: -8/100 MP: 44/44
148390 | Zot:2    | Noticed an orb of fire
148406 | Zot:2    | Noticed Fucvoucaso's ghost (legendary DDFi)
148416 | Zot:2    | Killed an orb of fire
148448 | Zot:2    | Killed from afar by a yellow draconian

Illustrated notes

Levels and vault maps discovered:
D:1:      dpeg_arrival_simpleton_a, layout_loops_ring, basic_ecumenical_altar
D:2:      layout_basic, uniq_natasha, uniq_terence, uniq_robin
D:3:      layout_basic
D:4:      layout_gridville, kennysheep_vampire_church, gammafunk_ghost_smash,
          st_stairs_5
D:5:      layout_loops_cross, minmay_temple_entry_glassed_door, serial_shops,
          shop, uniq_sigmund
D:6:      layout_basic, lightli_temple_of_fire, kennysheep_decorative_pillar,
          uniq_menkaure
D:7:      layout_loops_cross, mainiacjoe_overflow_concentric_impassable
D:8:      layout_gridville
D:9:      layout_roguey [special_room_orc], gammafunk_temple_overflow_statue,
          hellmonk_lair_entry_icy, minmay_statue_bubble
D:10:     layout_stronghold, serial_shops, shop_fountains
D:11:     layout_loops_ring, minmay_orc_entry_temple_small,
          hangedman_feature_mirror, nrook_mini_vaults,
          okawaru_metal_pillars_1_2, uniq_fannar
D:12:     layout_basic, serial_shops, shop
D:13:     layout_rooms, uniq_snorg
D:14:     layout_cave_pools, lightli_vaults_fourway_checkpoint,
          minmay_crystal_room, kennysheep_generic_room_10, uniq_rupert,
          uniq_lodul
D:15:     grunt_enter_depths_snipers, layout_loops_ring,
          hangedman_decor_opposing, uniq_roxanne
Temple:   sentei_temple_godly_chess
Lair:1:   layout_big_grid, nicolae_quartered_pool_impasse,
          minmay_stone_trees_medium, serial_bayou_pond_a,
          chequers_serial_rivers_micro_c, grunt_megastairs_1, uniq_maggie
Lair:2:   layout_roguey [special_room_bee], grunt_megastairs_3
Lair:3:   layout_small_grid, nicolae_shoals_entry_roost, spider_nest_entry_a,
          serial_forest, infiniplex_forest_straight_2, infiniplex_forest_end_1,
          infiniplex_forest_corner_1, infiniplex_forest_clump_diagonal,
          infiniplex_forest_clump_small, infiniplex_forest_clump_curved,
          infiniplex_forest_lined_2, infiniplex_forest_clump_double,
          nicolae_lair_lindhole
Lair:4:   layout_hall_layers
Lair:5:   gammafunk_lair_ancient_temple, layout_loops_ring, slime_entry_1,
          chequers_serial_rivers_large_a, infiniplex_staircase_pool_2
Shoals:1: layout_shoals, ebering_ghost_davey_jones, uniq_aizul
Shoals:2: layout_shoals, nicolae_shoals_kraken_party, uniq_polyphemus,
          uniq_ilsuiw
Shoals:3: layout_shoals, serial_shops, nicolae_shop_tiny_statue_garden,
          nicolae_lakefront_shop, nicolae_shop_dealshenge
Shoals:4: shoals_end_hellmonk_storm_palace [storm_palace_center_circular,
          storm_palace_corner_reverse_hut, storm_palace_corner_grid,
          storm_palace_corner_pillars, storm_palace_corner_blocked]
Spider:1: layout_cave_pods, uniq_frances
Spider:2: layout_chambers, drop_trap
Spider:3: layout_spider_delve, hellmonk_test_site, nicolae_spider_cling_halls
Spider:4: grunt_spider_rune_circles
Orc:1:    layout_diamond_mine, serial_shops, shop,
          nicolae_shop_overcharged_wands, uniq_harold, uniq_nergalle
Orc:2:    grunt_orc_gardens, layout_diamond_mine, grunt_orc_garden,
          grunt_orc_garden, grunt_orc_garden, grunt_orc_garden, uniq_urug
Elf:1:    eino_elf_arrival_customs, layout_gridlike, hangedman_elf_represent,
          orc_legates
Elf:2:    elven_hall_of_blades_hangedman_original
          [nicolae_blade_entry_pointy_end], layout_gridlike, serial_shops, shop,
          shop, shop, nicolae_shop_crystal, shop
Elf:3:    minmay_elf_hall_hex, layout_geoelf_octagon, serial_shops, shop
Vaults:1: nicolae_vaults_weapon_check, ontoclasm_vaults_misaligned,
          nicolae_vaults_octothorpe, ontoclasm_vaults_spin, v_pattern_2,
          nicolae_vaults_closet_pinwheel_4, nicolae_vaults_sightless_eye,
          nicolae_vaults_gold_heap, nicolae_vaults_alarming,
          nicolae_vaults_house_1, layout_vaults_chaotic_city, uniq_donald,
          uniq_nikola
Vaults:2: gammafunk_ghost_cemetery, nicolae_vaults_stepped_doors,
          st_greater_box_3, vaults_room_door_hall,
          nicolae_vaults_little_squares_2, ontoclasm_vaults_twist,
          hangedman_vaults_hat, v_rooms_2, nicolae_vaults_two_Ls, v_pattern_4,
          nicolae_vaults_apartment_2, grunt_vaults_bifocal,
          nicolae_vaults_tetromino_Z_1, v_misc_29, vaults_dpeg_emergency_exit,
          nicolae_vaults_angled_halls, vaults_dpeg_hooks, layout_vaults_omnibox
Vaults:3: st_squares, v_misc_26, minmay_crypt_entry_necro_gods,
          vaults_room_boxed, v_misc_9, hangedman_vaults_trim,
          hangedman_vaults_slice, nicolae_vaults_closet_pinwheel_1,
          nicolae_vaults_asterisk, nicolae_vaults_diagonal_hallway_7,
          v_alt_pattern_1, layout_vaults_ring
Vaults:4: infiniplex_enter_wizlab_water, nicolae_vaults_closet_pinwheel_4,
          nicolae_vaults_steering_wheel, nicolae_vaults_more_shelving_2,
          nicolae_vaults_house_2, layout_vaults_omnigrid, enter_trove_1,
          uniq_boris
Vaults:5: uniq_frederick, uniq_margery
Crypt:1:  layout_rooms, serial_glass, glass_columns_a, glass_columns_a
Crypt:2:  layout_gridlike, minmay_misc_feat_columns
Crypt:3:  david_glass_crypt, layout_gridlike,
          nicolae_tomb_entry_unfolded_pyramid_diagonal
Depths:1: layout_roguey, lightli_too_deep, rand_demon_pan_entry_3, special_room
          [special_room_magic_class], minmay_misc_feat_four_crosses,
          dreamdust_wishing_well, hangedman_decor_lopped, chei_slow_surprise,
          uniq_saint_roka
Depths:2: kennysheep_green_arena, layout_basic, enter_ziggurat_b, pan_entry,
          hell_entry, elyvilon_altar_3
Depths:3: minmay_the_grid_triangle_9x9_recursive_2
          [minmay_the_grid_triangle_9x9_prize_special,
          minmay_the_grid_triangle_9x9_corruption,
          minmay_the_grid_triangle_9x9_negative_grid,
          minmay_the_grid_triangle_9x9_skeleton], layout_gridlike, abyss_entry,
          lemuel_tele_altar, pf_hell_entry_tar_river,
          kilobyte_mutagenic_chamber, infiniplex_staircase_squiggle,
          uniq_josephina
Depths:4: evilmike_zot_entry_hall, layout_gridlike, hell_entry,
          nicolae_ashenzari_panopticon, abyss_entry_glasseish,
          minmay_misc_feat_alley, uniq_parghit
Zot:1:    layout_gridlike
Zot:2:    layout_gridlike, hellmonk_ghost_big_iron

Skill      XL: |  1  2  3  4  5  6  7  8  9 10 11 12 13 14 15 16 17 18 19 20 21 22 23 |
---------------+----------------------------------------------------------------------+-----
Spellcasting   | 3 4 5 6 7 9 10 11 13 14 15 16 18 | 18.4
Summonings     | 5 6 7 8 9 10 11 12 18 15 19 20 21 | 21.1
Hexes          | 1 4 6 8 10 11 12 14 15 | 15.0
Dodging        | 3 5 7 9 10 12 14 15 16 17 19 | 19.0
Air Magic      | 2 4 6 7 8 10 | 10.0
Transmutations | 2 3 5 6 7 10 13 16 23 21 | 23.4
Fighting       | 1 4 6 9 10 13 15 | 15.0
Stealth        | 4 5 6 8 |  8.4
Necromancy     | 3 4 7 |  7.2
Translocations | 4 8 10 13 15 16 | 16.0
Evocations     | 1 4 6 |  6.0
Unarmed Combat | 8 10 | 10.0
Conjurations   | 4 2 |  4.0

Action                     |  1- 3 |  4- 6 |  7- 9 | 10-12 | 13-15 | 16-18 | 19-21 | 22-24 || total
---------------------------+-------+-------+-------+-------+-------+-------+-------+-------++-------
  Melee: Unarmed           |    55 |    82 |    66 |   208 |   252 |   604 |   300 |   607 ||  2174
         Bite              |     5 |    12 |    10 |    37 |    43 |   122 |    61 |   128 ||   418
         Punch             |       |     1 |     1 |     2 |     4 |     6 |    27 |    71 ||   112
         Tailslap          |       |       |       |       |       |       |    48 |   174 ||   222
   Cast: Summon Small Mamm |    46 |    54 |    66 |    62 |     4 |     4 |       |     1 ||   237
         Call Imp          |     9 |    16 |    37 |    46 |     9 |    13 |       |       ||   130
         Call Canine Famil |       |       |    30 |    84 |    82 |   109 |       |       ||   305
         Summon Guardian G |       |       |     8 |    19 |    16 |   248 |   100 |    29 ||   420
         Summon Mana Viper |       |       |       |    55 |   146 |   327 |    14 |     4 ||   546
         Summon Lightning  |       |       |       |    50 |   100 |    65 |     8 |     1 ||   224
         Summon Forest     |       |       |       |     1 |    32 |    50 |    18 |     3 ||   104
         Passage of Golubr |       |       |       |       |     4 |     1 |       |       ||     5
         Anguish           |       |       |       |       |     5 |    10 |       |       ||    15
         Summon Cactus Gia |       |       |       |       |       |   170 |    29 |    16 ||   215
         Summon Hydra      |       |       |       |       |       |   203 |   345 |    89 ||   637
         Blink             |       |       |       |       |       |    65 |    58 |    19 ||   142
         Swiftness         |       |       |       |       |       |    12 |     2 |     2 ||    16
         Malign Gateway    |       |       |       |       |       |     2 |    31 |    16 ||    49
         Dragon Form       |       |       |       |       |       |       |    44 |    85 ||   129
         Iskenderun's Myst |       |       |       |       |       |       |     1 |       ||     1
 Invoke: Call Merchant     |       |       |       |     1 |     1 |     2 |       |       ||     4
         Potion Petition   |       |       |       |       |       |     7 |    10 |    17 ||    34
         Bribe Branch      |       |       |       |       |       |       |     1 |       ||     1
Ability: Breathe Fire      |       |       |       |       |       |       |    19 |    14 ||    33
         End Transformatio |       |       |       |       |       |       |     1 |       ||     1
  Evoke: Wand              |       |     3 |    11 |    23 |    38 |    66 |    17 |     6 ||   164
         Lightning rod     |       |       |       |       |       |    23 |    16 |     5 ||    44
         Box of beasts     |       |       |       |       |       |       |     1 |       ||     1
         Tin of tremorston |       |       |       |       |       |       |     2 |     2 ||     4
    Use: Scroll            |     5 |     6 |     8 |    12 |    16 |    19 |    11 |    12 ||    89
         Potion            |     1 |       |       |     4 |    10 |    24 |     6 |     8 ||    53
   Stab: Sleeping          |       |     3 |     3 |     1 |     2 |     1 |     1 |     4 ||    15
         Distracted        |       |       |     2 |     5 |     7 |    17 |    12 |     7 ||    50
         Invisible         |       |       |       |       |       |       |       |     1 ||     1
 Armour: Skin              |     3 |    13 |     6 |    38 |    49 |   177 |   146 |   391 ||   823
  Dodge: Dodged            |    34 |    83 |    73 |   363 |   595 |  1810 |   446 |   729 ||  4133
